Map: Efflorescence LE

Players

romain

  • Race: Terran Terran
  • Spawn Location: 12:00

sam

  • Race: Zerg Zerg
  • League: Diamond
  • Spawn Location: 3:00

OpuS

  • Race: Protoss Protoss
  • League: Platinum
  • Spawn Location: 9:00

Sketchaphone

  • Race: Zerg Zerg
  • League: Gold
  • Spawn Location: 6:00

VOD

Have the link to the VOD?

Description

Time

  • Played on: Jan. 24, 2019, 8:06 p.m.
  • Length: 9:51
Show
View Real Time Build Order
Export as new Build Order

romain Terran 

Build Orders:  

Get SALT Encoding   

  12  0:01  SCV  
  13  0:13  SCV  
  14  0:19  Supply Depot  
  14  0:25  SCV  
  15  0:41  SCV  
  16  0:44  Barracks  
  16  0:53  SCV  
  17  0:59  Barracks  
  17  1:08  Barracks  
  17  1:18  Barracks  
  18  1:30  Orbital Command  
  17  1:34  Marine  
  18  1:41  Supply Depot  
  18  1:47  Marine  
  19  1:56  Marine  
  19  1:57  Marine  
  19  1:59  SCV  
  22  2:06  Marine  
  23  2:09  Marine  
  23  2:14  Marine x2  
  26  2:24  Marine  
  26  2:27  Marine  
  28  2:31  Marine  
  28  2:32  Marine  
  28  2:34  Supply Depot  
  30  2:37  Bunker  
  30  2:41  Supply Depot  
  30  2:42  Marine  
  31  2:55  Marine x3, SCV  
  35  2:59  Marine  
  35  3:04  Refinery  
  36  3:08  Refinery, SCV  
  37  3:13  Marine x3  
  37  3:17  Marine  
  41  3:43  Marine x3  
  41  3:44  Marine  
  41  3:45  SCV  
  46  3:59  SCV  
  47  4:19  Marine  
  47  4:20  SCV  
  45  4:32  SCV  
  46  4:44  SCV  
  40  4:56  SCV  
  41  5:05  Marine x2  
  41  5:06  Marine x2  
  45  5:23  Marine x2  
  47  5:31  Marine  
  47  5:34  SCV  
  40  5:40  Factory  
  40  5:41  Marine x2  
  42  5:45  Factory  
  42  5:46  SCV  
  42  5:48  Barracks Tech Lab  
  42  5:49  Marine  
  43  5:59  Command Center  
  43  6:04  Command Center  
  43  6:05  Barracks Reactor  
  43  6:19  Engineering Bay  
  43  6:23  Stimpack  
  43  6:26  Factory Tech Lab  
  43  6:28  Factory Tech Lab  
  43  6:31  Marine  
  43  6:32  Marine x2  
  46  6:43  Starport  
  46  6:49  Marine  
  47  6:54  Missile Turret  
  47  7:02  Missile Turret x2  
  47  7:09  Missile Turret  
  47  7:10  Marine, Siege Tank x2  
  54  7:18  Orbital Command  
  54  7:23  Missile Turret  
  54  7:27  Orbital Command  
  54  7:38  Marine x5  
  54  7:44  Orbital Command  
  59  7:56  Marine x5  
  59  7:57  Siege Tank  
  67  8:13  Marine, Starport Reactor  
  68  8:23  Orbital Command  
  68  8:35  Refinery  
  68  8:38  Refinery  
  68  8:41  Siege Tank  
  71  8:53  SCV  
  72  9:05  SCV  
  72  9:08  Marine x4  
  77  9:16  Medivac x2, Marine  
  82  9:17  Supply Depot, SCV  
  82  9:20  Supply Depot  
  82  9:21  Supply Depot x2  
  82  9:22  Supply Depot  
  83  9:29  SCV  
Show
View Real Time Build Order
Export as new Build Order

sam Zerg 

Build Orders: Hatch First 

Get SALT Encoding   

  12  0:01  Drone  
  13  0:14  Overlord  
  13  0:18  Drone  
  14  0:37  Drone x3  
  17  0:57  Drone  
  17  1:00  Drone, Hatchery  
  18  1:04  Extractor  
  17  1:18  Spawning Pool  
  16  1:19  Drone  
  16  1:22  Drone  
  18  1:31  Drone  
  19  1:43  Overlord  
  19  1:54  Drone  
  20  2:05  Metabolic Boost  
  20  2:06  Queen  
  22  2:12  Queen  
  22  2:14  Drone x2  
  26  2:17  Drone  
  27  2:28  Baneling Nest  
  27  2:29  Drone  
  27  2:30  Drone  
  28  2:37  Overlord  
  28  2:48  Zergling x4  
  28  2:49  Zergling x2  
  31  2:55  Zergling x2  
  31  2:57  Zergling x2  
  33  3:06  Zergling x2  
  33  3:08  Zergling x2  
  35  3:18  Drone x3  
  35  3:19  Drone  
  39  3:25  Drone  
  39  3:26  Drone x3  
  43  3:41  Zergling x2  
  44  3:43  Overlord  
  44  3:54  Overlord x3  
  43  4:14  Zergling x2  
  43  4:15  Zergling x10  
  43  4:20  Zergling x2  
  43  4:28  Drone  
  43  4:29  Drone x5  
  49  4:37  Hatchery  
  48  4:50  Zergling x2  
  48  4:51  Zergling x6  
  50  5:01  Baneling x4  
  50  5:02  Zergling x6  
  50  5:03  Zergling x8  
  50  5:04  Zergling x2  
  58  5:10  Extractor  
  58  5:12  Extractor  
  56  5:14  Lair  
  52  5:22  Baneling  
  52  5:23  Zergling x6  
  55  5:31  Zergling x2  
  49  5:51  Zergling x8  
  49  5:52  Zergling x10  
  54  6:04  Zergling x2  
  54  6:05  Zergling x4  
  52  6:24  Spire  
  50  6:27  Baneling x3  
  50  6:28  Baneling x2  
  50  6:29  Drone x3  
  50  6:31  Drone x3  
  50  6:32  Drone  
  57  6:33  Drone x3  
  60  6:43  Drone  
  60  6:44  Drone, Extractor  
  60  6:46  Overlord  
  61  6:50  Overlord x4  
  60  6:55  Drone x2  
  62  7:01  Baneling x2  
  62  7:04  Zergling x4  
  64  7:24  Extractor  
  64  7:27  Extractor  
  62  7:38  Mutalisk  
  62  7:39  Mutalisk x9  
  82  7:46  Overlord x4  
  82  7:50  Zerg Flyer Weapons Level 1  
  82  7:57  Mutalisk  
  84  8:10  Mutalisk  
  86  8:21  Zergling x2  
  86  8:22  Zergling x22  
  94  8:41  Mutalisk x2  
  85  8:42  Mutalisk  
  91  9:03  Mutalisk  
  91  9:04  Mutalisk x2  
  91  9:06  Zergling x2  
  91  9:07  Zergling x12  
Show
View Real Time Build Order
Export as new Build Order

OpuS Protoss 

Build Orders: Mass Adepts 

Get SALT Encoding   

  12  0:01  Probe  
  13  0:13  Probe  
  14  0:23  Pylon  
  14  0:25  Probe  
  15  0:42  Gateway  
  15  0:47  Gateway  
  15  0:54  Probe  
  16  1:04  Assimilator  
  16  1:06  Probe  
  17  1:16  Pylon  
  17  1:18  Probe  
  18  1:32  Cybernetics Core  
  18  1:37  Probe  
  18  1:45  Zealot, Probe  
  22  1:59  Probe  
  22  2:01  Warp Gate  
  23  2:09  Stalker  
  23  2:13  Probe  
  26  2:25  Probe  
  26  2:27  Assimilator  
  26  2:45  Adept x2  
  30  2:54  Gateway  
  30  2:59  Robotics Facility  
  30  3:05  Pylon  
  30  3:20  Pylon  
  30  3:27  Adept x2  
  34  3:55  Robotics Bay  
  34  3:59  Gateway  
  34  4:06  Adept  
  34  4:08  Adept x2  
  26  4:30  Adept x3  
  21  4:45  Disruptor  
  23  4:55  Adept  
  6  5:35  Probe  
    6:20  Probe  
  1  6:28  Probe  
  2  6:38  Probe  
  3  7:09  Pylon  
  3  7:16  Probe  
  4  7:28  Probe  
  5  7:34  Disruptor  
  5  7:41  Probe  
  6  7:50  Probe  
  9  7:58  Probe  
  11  8:16  Probe  
  13  8:34  Probe  
  13  8:38  Warp Prism  
  13  8:46  Probe  
  16  9:05  Probe  
  17  9:13  Probe  
  17  9:23  Probe  
  19  9:35  Probe  
Show
View Real Time Build Order
Export as new Build Order

Sketchaphone Zerg 

Build Orders: Hatch First, Zergling Baneling 

Get SALT Encoding   

  12  0:01  Drone  
  13  0:13  Overlord  
  13  0:18  Drone  
  14  0:23  Extractor  
  14  0:24  Drone  
  15  0:36  Drone  
  15  0:37  Drone  
  17  0:57  Drone  
  17  1:00  Hatchery  
  17  1:07  Drone, Extractor  
  17  1:19  Drone  
  17  1:23  Spawning Pool  
  17  1:27  Drone  
  18  1:35  Drone  
  19  1:40  Drone  
  20  1:53  Drone  
  21  2:00  Overlord  
  21  2:10  Hatchery  
  21  2:15  Metabolic Boost  
  20  2:19  Queen  
  22  2:28  Drone  
  23  2:30  Zergling x2  
  23  2:33  Drone  
  25  2:38  Zergling x2  
  25  2:41  Drone x2  
  28  2:49  Spine Crawler  
  27  2:52  Spine Crawler  
  27  2:53  Drone  
  27  3:13  Drone  
  27  3:16  Baneling Nest, Drone  
  27  3:17  Queen  
  30  3:20  Queen  
  30  3:26  Zergling x4  
  34  3:37  Spine Crawler  
  33  3:50  Spine Crawler  
  33  3:51  Zergling x4  
  34  4:00  Baneling  
  34  4:01  Baneling x4  
  34  4:18  Baneling  
  34  4:19  Baneling  
  34  4:23  Overlord x3  
  34  4:28  Spine Crawler  
  33  4:36  Baneling x2  
  32  4:52  Zergling x22  
  40  5:01  Zergling x4  
  42  5:19  Zergling x12  
  41  5:29  Zergling x4  
  41  5:30  Zergling x4  
  44  5:41  Baneling x4  
  40  5:44  Zergling x4  
  40  5:46  Zergling x2  
  35  6:04  Zergling x12  
  35  6:08  Baneling  
  35  6:09  Baneling x2  
  41  6:15  Drone x2  
  41  6:31  Drone  
  41  6:32  Drone  
  43  6:45  Drone x2  
  41  6:59  Lair  
  41  7:03  Roach Warren  
  40  7:18  Zergling x4, Drone x3  
  40  7:20  Drone  
  46  7:29  Drone  
  47  7:30  Overlord  
  47  7:31  Drone  
  47  7:32  Drone  
  49  7:52  Zergling x4  
  49  7:53  Zergling x2  
  52  8:03  Roach  
  52  8:04  Roach  
  56  8:06  Drone  
  56  8:07  Drone  
  58  8:15  Hatchery  
  58  8:16  Baneling x2  
  26  9:00  Roach  
  26  9:01  Roach x5  
  26  9:02  Zergling x22  
Tags
 
Add a new tag
Caveats
  • Supply blocks, unpowered buildings, or Contaminate may cause inaccurate times.
  • Supply counts are checked every 10 seconds.